 Dungeon Crawl Stone Soup version 0.27-a0-906-g0a00ce863d (webtiles) character file.

Game seed: 4513235483821236841

83 littlecub the Ruffian (level 4, -5/38 HPs)
             Began as a Ghoul Gladiator on Apr 6, 2021.
             Killed by an exploding hound (25 damage)
             ... ignited by their inner flame
             ... on level 3 of the Dungeon.
             The game lasted 00:04:38 (1944 turns).

littlecub the Ruffian (Ghoul Gladiator)             Turns: 1944, Time: 00:04:38

Health: -5/38      AC:  9    Str: 18    XL:     4   Next: 44%
Magic:  3/3        EV:  7    Int:  3    God:
Gold:   114        SH:  0    Dex: 10    Spells: 3/3 levels left

rFire    . . .     SeeInvis .     - Unarmed
rCold    + . .     Faith    .   (no shield)
rNeg     + + +     Spirit   .   f - +0 chain mail
rPois    ∞         Reflect  .   b - +0 helmet
rElec    .         Harm     .   (no cloak)
rCorr    .         Rampage  .   (no gloves)
Will     .....                  (no boots)
Stlth    ..........             (no amulet)
HPRegen  0.00/turn              (no ring)
MPRegen  0.08/turn              (no ring)

@: no status effects
A: claws 1, cold resistance 1, negative energy resistance 3, inhibited
regeneration, torment resistance 2, unbreathing 1
a: no special abilities


You were on level 3 of the Dungeon.
You visited 1 branch of the dungeon, and saw 3 of its levels.

You collected 114 gold pieces.

Inventory:

Missiles
 c - 3 throwing nets (quivered)
Armour
 b - a +0 helmet (worn)
 f - a +0 chain mail (worn)
Jewellery
 j - a ring of flight
Potions
 d - a potion of curing {unknown}
 e - a potion of might {unknown}
 g - a potion of lignification {unknown}
 h - a potion of magic {unknown}
 i - a potion of ambrosia {unknown}


   Skills:
 * Level 3.4 Fighting
 - Level 1.7 Throwing
 + Level 1.2 Armour
 + Level 3.1 Dodging
 * Level 4.1 Unarmed Combat


You had 3 spell levels left.
You didn't know any spells.
Your spell library contained the following spells:

 Spells                   Type           Power      Damage    Failure   Level
 Animate Skeleton         Necr           0%         N/A       100%        1
 Apportation              Tloc           0%         N/A       100%        1
 Corona                   Hex            0%         N/A       100%        1
 Summon Small Mammal      Summ           0%         N/A       100%        1
 Confusing Touch          Hex            0%         N/A       100%        3
 Gell's Gravitas          Tloc           0%         N/A       100%        3
 Petrify                  Tmut/Erth      0%         N/A       100%        4
 Metabolic Englaciation   Hex/Ice        0%         N/A       100%        5
 Yara's Violent Unravell  Hex/Tmut       0%         3d3       100%        5


Dungeon Overview and Level Annotations

Branches:
Dungeon (3/15)

Altars:
Kikubaaqudgha


Innate Abilities, Weirdness & Mutations

You thrive by killing the living.
You are immune to poison.
You have sharp fingernails.
Your flesh is cold resistant. (rC+)
You are immune to negative energy. (rN+++)
You do not regenerate when monsters are visible.
You are immune to unholy pain and torment.
You can survive without breathing.


Message History

Found a stone staircase leading down.
You scratch the hound.
The hound is moderately wounded.
An orc comes into view. It is wielding a +0 club.
The hound bites you but does no damage.
You miss the hound.
The hound is moderately wounded.
The hound bites you.
An orc comes into view. It is wielding a +0 hand axe.
A rat comes into view.
An orc comes into view. It is wielding a +0 trident.
The orc throws a boomerang.
The boomerang barely misses you. The hound bites you but does no damage.
The orc shouts!
You scratch the hound but do no damage.
The hound is moderately wounded.
The orc hits you with a +0 flail. The hound bites you.
You scratch the hound.
The hound is moderately wounded.
The hound bites you but does no damage. The orc hits you but does no damage.
You scratch the hound but do no damage.
The hound is moderately wounded.
The hound bites you.
An endoplasm comes into view.
The orc hits you with a +0 flail.
An endoplasm comes into view.
The rat bites you but does no damage. The hound bites you but does no damage.
The hound bites you but does no damage.
As you read the scroll labelled RONARAROFI, it crumbles to dust.
The creatures around you are filled with an inner flame!
It was a scroll of immolation.
The hound bites you but does no damage. The hound bites you.
You claw the hound!
Flame seeps out of the hound.
The hound is almost dead.
The hound is engulfed in blazing flames.
You feel better.
The hound explodes!
The fiery explosion engulfs you!!
Ouch! That really hurt!
You die...

##)#### #............
#.########<# #............
......†....######............
.........(.....###...........
####......####...............
#####.........###.........
#.#..####. ........ #.##|.#
#...... #.###@# #...... #.#
#○## #.# #oo# ..# ##o#
..#...ro..# ...............
J.##..........# ...o.........
..............


You could see 4 orcs and a rat.

Vanquished Creatures
  A hound (D:3)
  2 adders (D:2)
  3 dart slugs
  6 endoplasms
  3 giant cockroaches
  6 hobgoblins
  7 jackals
  4 quokkas
  5 ball pythons
  7 bats
  3 frilled lizards
  5 kobolds
  2 rats (D:1)
54 creatures vanquished.

Notes
Turn   | Place    | Note
-------+----------+-------------------------------------------
     0 | D:1      | littlecub the Ghoul Gladiator began the quest for the Orb.
     0 | D:1      | Reached XP level 1. HP: 17/17 MP: 0/0
    85 | D:1      | Found a faded altar of an unknown god.
   292 | D:1      | Reached XP level 2. HP: 18/25 MP: 1/1
   579 | D:1      | Reached XP level 3. HP: 30/30 MP: 2/2
  1359 | D:2      | Reached skill level 4 in Unarmed Combat
  1467 | D:2      | Reached XP level 4. HP: 34/38 MP: 3/3
  1586 | D:2      | Reached skill level 1 in Armour
  1767 | D:2      | Found an ancient bone altar of Kikubaaqudgha.
  1944 | D:3      | Killed by an exploding hound... ignited by their inner
                  | flame

Illustrated notes

Levels and vault maps discovered:
D:1:      lightli_arrival_statue_moat, layout_basic, basic_ecumenical_altar
D:2:      layout_loops_ring, basic_altar
D:3:      layout_rooms

Skill      XL: |  1  2  3  4 |
---------------+-------------+-----
Fighting       | 3 |  3.4
Dodging        | 3 |  3.1
Unarmed Combat | 4 |  4.1
Armour         | 1 |  1.2
Throwing       | |  1.7

Action                   |  1- 3 |  4- 6 || total
-------------------------+-------+-------++-------
Melee: Unarmed           |   119 |    46 ||   165
       Punch             |     1 |     1 ||     2
  Use: Scroll            |       |     1 ||     1
Armor: Leather armour    |    14 |       ||    14
       Chain mail        |    47 |    36 ||    83
Dodge: Dodged            |    49 |    13 ||    62

Table legend: (Time is in decaauts)
 A = Elapsed time spent in this place.
 B = Non-inter-level travel time spent in this place.
 C = Inter-level travel time spent in this place.
 D = Time resting spent in this place.
 E = Time spent auto-exploring this place.
 F = Levels seen in this place.
 G = Mean time per level.
                   A        B        C        D        E       F      G
               +--------+--------+--------+--------+--------+-----+--------+
         Total |   1932 |   1860 |     72 |     80 |   1444 |   3 |  644.0 |
       Dungeon |   1932 |   1860 |     72 |     80 |   1444 |   3 |  644.0 |
               +--------+--------+--------+--------+--------+-----+--------+

Top non-repeatable levels by time:
     D:1: 1288 daAuts
     D:2: 567 daAuts
     D:3: 76 daAuts
